 Dungeon Crawl Stone Soup version 0.16.2-12-gd0ad4c3 (webtiles) character file.

5726 magipi the Cleaver (level 10, -7/73 HPs)
             Began as a Ghoul Gladiator on May 23, 2016.
             Was a High Priest of Makhleb.
             Hit by a javelin thrown by Urug (17 damage)
             ... on level 11 of the Dungeon.
             The game lasted 00:54:49 (7623 turns).

magipi the Cleaver (Ghoul Gladiator)                Turns: 7623, Time: 00:54:49

Health: -7/73      AC: 14    Str: 20    XL:     10   Next: 77%
Magic:  20/20      EV:  6    Int:  4    God:    Makhleb [*****.]
Gold:   106        SH:  0    Dex: 11    Spells: 0 memorised, 9 levels left

rFire  . . .     SeeInvis +     z - +1 broad axe
rCold  + . .     Clarity  +     M - +0 plate armour
rNeg   + + +     SustAb   .     (no shield)
rPois  ∞         Gourm    .     c - +0 helmet
rElec  .         Spirit   .     O - +0 cloak
rCorr  .         Warding  .     l - +1 pair of gloves
rMut   .         Stasis   .     (no boots)
MR     .....                    A - amulet of clarity
Stlth  ..........               (no ring)
                                i - ring of see invisible

@: rotting, not resistant to hostile enchantments, extremely unstealthy
A: rotting body, claws 1, carnivore 3, cold resistance 1, negative energy
resistance 3, poison resistance, slow healing 1, torment resistance, unbreathing
a: Minor Destruction, Lesser Servant of Makhleb, Major Destruction, Greater
Servant of Makhleb, Renounce Religion


You were on level 11 of the Dungeon.
You worshipped Makhleb.
Makhleb was extremely pleased with you.
You were not hungry.

You visited 2 branches of the dungeon, and saw 12 of its levels.
You also visited: Bailey.

You collected 406 gold pieces.
You spent 300 gold pieces at shops.

Inventory:

Hand weapons
 a - a +0 war axe
 s - a +0 hand axe of chopping
 z - a +1 broad axe (weapon)
Missiles
 d - 7 tomahawks
 m - 4 javelins (quivered)
 n - 20 poisoned needles
Armour
 c - a +0 helmet (worn)
 l - a +1 pair of gloves (worn)
 M - a +0 plate armour (worn)
 O - a +0 cloak (worn)
Jewellery
 i - a ring of see invisible (left hand)
 q - an uncursed ring of ice
 A - an amulet of clarity (around neck)
 L - an uncursed ring of fire
Magical devices
 g - a wand of confusion (0)
 k - a wand of polymorph (15)
 r - a wand of disintegration (10)
 x - a wand of magic darts (29)
 E - a wand of fireball (3)
 H - a wand of polymorph (10)
 J - a wand of cold (7)
Scrolls
 e - a scroll of holy word
 f - 3 scrolls of blinking
 j - 3 scrolls of remove curse
 o - a scroll of magic mapping
 t - 2 scrolls of teleportation
 u - 2 scrolls of enchant weapon
 v - a scroll of amnesia
 C - a scroll of immolation
Potions
 h - 2 potions of cancellation
 w - 2 potions of brilliance
 B - 4 potions of curing
 F - 2 potions of might
 G - a potion of haste
 K - a potion of agility
 N - a potion of heal wounds
Books
 y - a Young Poisoner's Handbook

   Spells                             Type                      Level
   a - Sting                          Conjuration/Poison           1
   b - Cure Poison                    Poison                       2
   c - Mephitic Cloud                 Conjuration/Poison/Air       3
   d - Olgreb's Toxic Radiance        Poison                       4
   e - Venom Bolt                     Conjuration/Poison           5
Comestibles
 b - 2 beef jerkies
 p - 9 meat rations
 D - 10 royal jellies


   Skills:
 - Level 2.1 Fighting
 - Level 10.4 Axes
 - Level 4.1 Throwing
 - Level 2.6 Dodging
 + Level 8.0 Invocations
 + Level 7.4 Evocations


You had 9 spell levels left.
You didn't know any spells.

Dungeon Overview and Level Annotations

Branches:
Dungeon (11/15)            Temple (1/1) D:4             Orc (0/4) D:10
   Lair: D:8-11

Altars:
Ashenzari
Cheibriados
Elyvilon
Fedhas
Gozag
Kikubaaqudgha
Makhleb
Okawaru
Qazlal
Ru
Sif Muna
Trog
Vehumet
Xom
Yredelemnul
Zin
The Shining One

Shops:
D:4 =   D:8 }!%=   D:9 *

Annotations:
D:5 Eustachio
D:6 Prince Ribbit
D:10 Erolcha
D:11 exclusion: orange crystal statue, Urug


Innate Abilities, Weirdness & Mutations

Your body is rotting away.
You thrive on raw meat.
You have sharp fingernails.
You are carnivorous and can eat meat at any time.
Your flesh is cold resistant.
You are immune to negative energy.
Your system is resistant to poisons.
You heal slowly when monsters are visible.
You are immune to unholy pain and torment.
You can survive without breathing.

Vault maps used:
D:1:      minmay_arrival_jagged, serial_bayou_ford_a
D:3:      overflow_temple_1_default, first_bread
D:4:      old_standard_altar, temple_green, serial_shops, shop_statue,
          minmay_goblin_outpost
D:5:      uniq_eustachio
D:6:      tgw_kikubaaqudgha, uniq_grinder, uniq_prince_ribbit1, uniq_edmund
D:7:      gammafunk_temple_overflow_elements, enter_bailey_2,
          hangedman_decor_push
D:8:      lemuel_coloured_pillars_altar, serial_shops,
          nicolae_shop_window_shopping, shop, shop_fountains,
          nicolae_shop_competitors_out_of_business,
          hangedman_little_slice_of_home, roderic_batcave
D:9:      serial_shops, nicolae_shop_crystal, evilmike_ruin_ashenzari, uniq_grum
D:10:     grunt_lair_entry_elf_guard_hut, hiddenorc2_lemuel, serial_park_tiny_2,
          uniq_fannar, uniq_erolcha
D:11:     minmay_separated_statues, uniq_urug
Temple:   chambers_temple_14
Bailey:   bailey_axe_minmay_hex_keep, bailey


Message History

Found a scroll of recharging and a club.
You see here a worker ant corpse.
You see here a leather armour.
The giant frog skeleton hits you. x2
You hit the giant frog skeleton but do no damage.
The giant frog skeleton hits you.
You slash the giant frog skeleton!
The giant frog skeleton hits you but does no damage.
You slice the giant frog skeleton!!
The giant frog skeleton hits you but does no damage. x2
You slash the giant frog skeleton!
You destroy the giant frog skeleton!
Makhleb accepts your kill.
You feel a little better.
The worker ant zombie closely misses you.
You slash the worker ant zombie!
The worker ant zombie bites you but does no damage.
You hit the worker ant zombie. The worker ant zombie bites you.
You slash the worker ant zombie!
You destroy the worker ant zombie!
Makhleb accepts your kill.
You feel a little better.
You see here a plate armour.
There is a stone staircase leading up here.
An orc comes into view. It is wielding an enchanted whip.
The orc shouts!
You see here a plain deck of cards.
An orc comes into view. It is wielding a club.
The orc shouts!
The orc hits you but does no damage.
Urug the Orcish Ballista comes into view.
He is wielding a battleaxe.
Unknown command.
Urug winks... or blinks.
You see here a plain deck of cards.
The orc hits you with an enchanted whip.
You closely miss the orc. The orc hits you but does no damage.
Your plate armour prevents you from hitting the orc.
The orc barely misses you.
You slash the orc!
The orc is almost dead.
The orc hits you but does no damage.
Your plate armour prevents you from hitting the orc.
The orc is almost dead.
The orc hits you with an enchanted whip.
Unknown command.
You closely miss the orc.
The orc is almost dead.
You miss Urug. Urug hits you with a battleaxe! The orc barely misses you.
The orc hits you but does no damage.
Unknown command.
You slash the orc!
You kill the orc!
Makhleb accepts your kill.
You hit Urug.
Urug is lightly wounded.
You slash the orc!
You kill the orc!
Makhleb accepts your kill.
You feel a little better. Urug completely misses you.
You closely miss Urug.
Urug is lightly wounded.
Urug hits you with a battleaxe!
You barely miss Urug.
Urug is lightly wounded.
Urug hits you with a battleaxe!!
Unknown command.
Evoke which item? (* to show all) (? for menu, Esc to quit)
Zapping:
k - a wand of polymorph (15)
Press: ? - help, Shift-Dir - straight line, f - Urug
Aim: Urug, wielding a battleaxe and wearing a ring mail (lightly wounded, chance 44%)
Okay, then.
Unknown command.
Use which ability? (? or * to list)
A demon appears!
You feel slightly more hungry.
Unknown command.
Use which ability? (? or * to list)
A demon appears!
You feel slightly more hungry. Urug hits you with a battleaxe!
* * * LOW HITPOINT WARNING * * *
Unknown command.
Unknown command.
Urug hits your neqoxec with a battleaxe!
Unknown command.
Your neqoxec closely misses Urug.
Urug barely misses your neqoxec.
Urug hits your neqoxec but does no damage.
Your neqoxec hits Urug but does no damage.
Unknown command.
Your neqoxec hits Urug but does no damage.
Your neqoxec closely misses Urug.
Unknown command.
Your neqoxec hits Urug.
Urug throws a javelin.
The javelin hits your neqoxec but does no damage.
Your neqoxec gestures at Urug.
Urug twists and deforms.
Unknown command.
Eat which item? (? for menu, Esc to quit)
Okay, then.
Your neqoxec hits Urug.
Urug throws a javelin.
The javelin closely misses your neqoxec.
The javelin hits you!
You die...

### ..# #.# #.######
#......############
#..#.####.........############
......# #.#####.@.......<.[..#
#..##.# #.##..#.#.##########.#
......# #?..)...#.# #.#
......######.3.##.# #.# #
.>.##.#....3o..##.#
######.####
...#.(...####..####
#)......... ?..#.##..###.#.#
#.####.#### ...#.....#.....#
#.# #.# # ....o#.....#.###
#.####.####


You could see Urug and 2 friendly neqoxecs.

Table legend:
 A = Kills in this place as a percentage of kills in entire the game.
 B = Kills by you in this place as a percentage of kills by you in the entire game.
 C = Kills by friends in this place as a percentage of kills by friends in the entire game.
 D = Other kills in this place as a percentage of other kills in the entire game.
 E = Experience gained in this place as a percentage of experience gained in the entire game.
 F = Experience gained in this place divided by the number of levels of this place that you have seen.
                   A       B       C       D       E      F
               +-------+-------+-------+-------+-------+----------------------
         Total | 100.0 | 100.0 | 100.0 |  -nan | 100.0 | 629.3
       Dungeon |  82.8 |  81.7 | 100.0 |  -nan |  92.5 | 687.8
        Bailey |  17.2 |  18.3 |   0.0 |  -nan |   7.5 | 615.0
               +-------+-------+-------+-------+-------+----------------------

Vanquished Creatures
  A wyvern (D:9)
  4 yaks (D:8)
  A wolf (D:9)
  Edmund (D:7)
  A water moccasin (D:9)
  2 ice beasts
  5 orc warriors
  8 centaurs
  A black bear (D:8)
  2 ogres
  3 giant frogs
  A big kobold (D:8)
  7 killer bees
  2 crimson imps (D:8)
  4 giant frog zombies
  6 jellies
  A giant frog skeleton (D:11)
  7 orc priests
  8 orc wizards
  2 iguanas (D:5)
  9 worker ants
  A hound zombie (D:8)
  14 adders
  20 gnolls
  A river rat (D:5)
  A worker ant zombie (D:11)
  A giant mite (D:2)
  A worm (D:4)
  3 adder skeletons
  5 giant geckos
  33 orcs
  A bat skeleton (D:6)
  10 giant cockroaches
  33 goblins
  28 hobgoblins
  6 jackals
  15 kobolds
  5 oozes (D:8)
  6 quokkas
  A ball python (D:3)
  17 bats
  6 giant newts
  A giant spore (D:9)
  12 rats
  A ballistomycete (D:9)
298 creatures vanquished.

Vanquished Creatures (collateral kills)
  A hill giant (D:11)
  A manticore (D:11)
  Grum (D:9)
  2 wolves (D:9)
  An orc warrior (D:11)
  A black bear (D:8)
  A centaur (D:9)
  4 killer bees (D:11)
  An orc priest (D:8)
  A quasit (D:9)
  2 orc wizards (D:8)
  An adder (D:8)
  2 orcs
19 creatures vanquished.

Vanquished Creatures (others)
  3 ynoxinuls
  A neqoxec (D:11)
  A human (D:6)
  2 ufetubi (D:9)
7 creatures vanquished.

Grand Total: 324 creatures vanquished

Notes
Turn   | Place    | Note
--------------------------------------------------------------
     0 | D:1      | magipi, the Ghoul Gladiator, began the quest for the Orb.
     0 | D:1      | Reached XP level 1. HP: 17/17 MP: 1/1
    62 | D:1      | Reached skill level 3 in Axes
    62 | D:1      | Reached XP level 2. HP: 8/24 MP: 2/2
   522 | D:1      | Reached XP level 3. HP: 29/29 MP: 3/3
   887 | D:2      | Reached XP level 4. HP: 31/36 MP: 3/3
   956 | D:2      | Reached skill level 4 in Axes
  1122 | D:2      | Reached XP level 5. HP: 20/41 MP: 4/4
  1368 | D:3      | Found a shattered altar of Ashenzari.
  1508 | D:3      | Reached skill level 5 in Axes
  1508 | D:3      | Reached XP level 6. HP: 36/48 MP: 5/5
  1995 | D:4      | Found Frino Heiss' Jewellery Shop.
  2236 | D:4      | Found a staircase to the Ecumenical Temple.
  2242 | Temple   | Entered the Ecumenical Temple
  2338 | Temple   | Became a worshipper of Makhleb the Destroyer
  2468 | D:4      | Found a sacrificial altar of Ru.
  2488 | D:4      | Reached skill level 6 in Axes
  2488 | D:4      | Reached XP level 7. HP: 42/54 MP: 5/5
  2621 | D:5      | Entered Level 5 of the Dungeon
  3002 | D:5      | Noticed Eustachio
  3277 | D:6      | Found an ancient bone altar of Kikubaaqudgha.
  3277 | D:6      | Noticed a human
  3294 | D:6      | Acquired Makhleb's first power
  3319 | D:6      | Killed a human
  3602 | D:6      | Reached skill level 7 in Axes
  3624 | D:6      | Noticed Prince Ribbit
  3755 | D:6      | Noticed Edmund
  3862 | D:7      | Killed Edmund
  3862 | D:7      | Reached XP level 8. HP: 55/61 MP: 6/6
  3995 | D:7      | Reached skill level 8 in Axes
  4041 | D:7      | Found a flagged portal.
  4051 | Bailey   | Entered a bailey
  4070 | Bailey   | Acquired Makhleb's second power
  4308 | Bailey   | HP: 3/61 [orc warrior/broad axe (9)]
  4309 | Bailey   | Reached skill level 9 in Axes
  4404 | Bailey   | Acquired Makhleb's third power
  4532 | Bailey   | Noticed an orc warlord
  4532 | Bailey   | Noticed an orc knight
  4535 | Bailey   | Noticed an orc knight
  4536 | Bailey   | Noticed an orc knight
  4844 | D:8      | Found Cusu's Gadget Shop.
  4871 | D:8      | Found Ciasac's Distillery.
  4874 | D:8      | Bought a potion of might for 60 gold pieces
  4874 | D:8      | Bought a potion of curing for 45 gold pieces
  4874 | D:8      | Bought a potion of curing for 45 gold pieces
  4874 | D:8      | Bought a potion of haste for 150 gold pieces
  4894 | D:8      | Acquired Makhleb's fourth power
  4898 | D:8      | Reached XP level 9. HP: 67/67 MP: 7/7
  4938 | D:8      | Reached skill level 10 in Axes
  5217 | D:8      | Found Cacido's Jewellery Boutique.
  5318 | D:8      | Reached skill level 1 in Invocations
  5318 | D:8      | Reached skill level 1 in Evocations
  5659 | D:8      | Found a bloodstained altar of Trog.
  5748 | D:8      | Found Pnupha's Food Shop.
  5863 | D:9      | Acquired Makhleb's fifth power
  6049 | D:9      | Reached skill level 5 in Invocations
  6078 | D:9      | Found a shattered altar of Ashenzari.
  6132 | D:9      | Reached XP level 10. HP: 41/73 MP: 16/16
  6151 | D:9      | Found Fruiplui's General Store.
  6208 | D:9      | Reached skill level 5 in Evocations
  6481 | D:9      | Noticed Grum
  6509 | D:9      | Killed Grum
  6679 | D:10     | Entered Level 10 of the Dungeon
  6804 | D:10     | Found a staircase to the Orcish Mines.
  6942 | D:10     | Noticed Erolcha
  6999 | D:11     | Noticed a hill giant
  7029 | D:11     | Killed a hill giant
  7135 | D:11     | Noticed a manticore
  7170 | D:11     | Killed a manticore
  7596 | D:11     | Noticed Urug
  7623 | D:11     | Hit by a javelin thrown by Urug

Action                   |  1- 3 |  4- 6 |  7- 9 | 10-12 || total
-------------------------+-------+-------+-------+-------++-------
Melee: War axe           |   101 |   223 |   252 |       ||   576
       Broad axe         |       |       |   413 |   174 ||   587
Throw: Throwing net      |     1 |       |     6 |       ||     7
       Javelin           |       |       |       |     6 ||     6
Invok: Lesser Servant of |       |       |     2 |     8 ||    10
Evoke: Wand              |       |       |    13 |       ||    13
  Use: Scroll            |     3 |     5 |       |    10 ||    18
       Potion            |       |     1 |    14 |       ||    15
 Stab: Held in net/web   |       |       |     1 |       ||     1
       Confused          |       |       |     3 |       ||     3
  Eat: Chunk             |     7 |    26 |    56 |    25 ||   114
       Royal jelly       |       |       |     1 |       ||     1

Action                   |  1- 3 |  4- 6 |  7- 9 | 10-12 || total
-------------------------+-------+-------+-------+-------++-------
Melee: War axe           |   101 |   223 |   252 |       ||   576
       Broad axe         |       |       |   413 |   174 ||   587
Throw: Throwing net      |     1 |       |     6 |       ||     7
       Javelin           |       |       |       |     6 ||     6
Invok: Lesser Servant of |       |       |     2 |     8 ||    10
Evoke: Wand              |       |       |    13 |       ||    13
  Use: Scroll            |     3 |     5 |       |    10 ||    18
       Potion            |       |     1 |    14 |       ||    15
 Stab: Held in net/web   |       |       |     1 |       ||     1
       Confused          |       |       |     3 |       ||     3
  Eat: Chunk             |     7 |    26 |    56 |    25 ||   114
       Royal jelly       |       |       |     1 |       ||     1

Action                   |  1- 3 |  4- 6 |  7- 9 | 10-12 || total
-------------------------+-------+-------+-------+-------++-------
Melee: War axe           |   101 |   223 |   252 |       ||   576
       Broad axe         |       |       |   413 |   174 ||   587
Throw: Throwing net      |     1 |       |     6 |       ||     7
       Javelin           |       |       |       |     6 ||     6
Invok: Lesser Servant of |       |       |     2 |     8 ||    10
Evoke: Wand              |       |       |    13 |       ||    13
  Use: Scroll            |     3 |     5 |       |    10 ||    18
       Potion            |       |     1 |    14 |       ||    15
 Stab: Held in net/web   |       |       |     1 |       ||     1
       Confused          |       |       |     3 |       ||     3
  Eat: Chunk             |     7 |    26 |    56 |    25 ||   114
       Royal jelly       |       |       |     1 |       ||     1
